 Dungeon Crawl Stone Soup version 0.20.1-1-g8b1a95d (webtiles) character file.

270 Monsterracer the Insei (level 6, 0/38 HPs)
             Began as an Octopode Transmuter on Oct 16, 2017.
             Was a Follower of Makhleb.
             Slain by a goblin
             ... wielding a +0 dagger
             ... led by Robin
              (2 damage)
             ... on level 4 of the Dungeon.
             The game lasted 00:08:16 (3988 turns).

Monsterracer the Insei (Octopode Transmuter)        Turns: 3988, Time: 00:08:17

Health: 0/38       AC:  1    Str: 10    XL:     6   Next: 22%
Magic:  9/9        EV: 13    Int: 17    God:    Makhleb [*.....]
Gold:   70         SH:  0    Dex: 12    Spells: 0/9 levels left

rFire    . . .     SeeInvis .     - Unarmed
rCold    . . .     Gourm    .   (no shield)
rNeg     . . .     Faith    .   (helmet restricted)
rPois    .         Spirit   .   (no amulet)
rElec    .         Reflect  .   (no ring)
rCorr    .         Harm     .   (no ring)
MR       .....                  (no ring)
Stlth    ++........             (no ring)
Regen    0.2/turn               (no ring)
MPRegen  0.2/turn               (no ring)
                                (no ring)
                                (no ring)

@: about to teleport
A: almost no armour, stealthy swim, amphibious, 8 rings, constrict 8, camouflage
1, gelatinous body 1
a: Renounce Religion


You were on level 4 of the Dungeon.
You worshipped Makhleb.
Makhleb was aware of your devotion.
You were not hungry.

You visited 1 branch of the dungeon, and saw 4 of its levels.

You collected 70 gold pieces.

Inventory:

Missiles
 a - 26 arrows
Armour
 g - a +0 buckler
Wands
 o - a wand of lightning (11/15)
Scrolls
 e - 2 scrolls of remove curse
 i - 2 scrolls of identify {unknown}
 l - a scroll of immolation {unknown}
 m - 2 scrolls of teleportation
 n - a scroll of amnesia
 p - a scroll of fog
Potions
 d - a potion of berserk rage {unknown}
Books
 b - a book of Changes

   Spells                             Type                      Level
   a - Beastly Appendage              Transmutation                1
   b - Sticks to Snakes               Transmutation                2
   c - Spider Form                    Transmutation/Poison         3
   d - Ice Form                       Ice/Transmutation            4
   e - Blade Hands                    Transmutation                5
Comestibles
 c - 2 bread rations
 f - a fruit
 h - 3 royal jellies
 j - 4 meat rations


   Skills:
 - Level 1.4 Fighting
 - Level 2.5 Dodging
 + Level 4.6 Unarmed Combat
 - Level 2.3 Spellcasting
 + Level 4.5 Transmutations


You couldn't memorise any spells.
You knew the following spells:

 Your Spells              Type           Power        Failure   Level  Hunger
a - Ice Form              Ice/Tmut       #.......     58%         4    #####..
b - Sticks to Snakes      Tmut           ###.....     4%          2    ##.....
c - Spider Form           Tmut/Pois      #.........   22%         3    ###....


Dungeon Overview and Level Annotations

Branches:
Dungeon (4/15)
 Temple: D:4-7

Altars:
Dithmenos
Fedhas
Makhleb
Okawaru
Vehumet

Shops:
D:4 *

Annotations:
D:4 1 transporter, Robin


Innate Abilities, Weirdness & Mutations

You cannot wear most types of armour.
You are very stealthy in the water. (Stealth+)
You are amphibious.
You can wear up to eight rings at the same time.
You can use your tentacles to constrict eight enemies at once.
Your skin changes colour to match your surroundings (Stealth+).
Your rubbery body absorbs attacks. (AC +1, EV +1)


Message History

Robin roars a battlecry!
The goblins go into a battle-frenzy!
Robin throws the goblin at you!
* * * LOW HITPOINT WARNING * * *
The goblin closely misses you.
Items here: )) †† a club; a dagger; a goblin corpse x2; Damage: -5%(-2hp) hp: 35%(13hp)
You barely miss the goblin. Your grab misses the goblin.
The goblin hits you with a dagger.
* * * LOW HITPOINT WARNING * * *
Huge Dmg: -13%(-5hp) hp: 22%(8hp)
You closely miss the goblin. You grab the goblin. You constrict the goblin.
You feel sick. The goblin completely misses you.
The goblin hits you with a dagger.
* * * LOW HITPOINT WARNING * * *
Robin roars a battlecry!
The hobgoblin goes into a battle-frenzy!
Huge Dmg: -16%(-6hp) hp: 6%(2hp) It was a potion of curing.
You feel better.
You constrict the goblin. The goblin hits you with a club.
* * * LOW HITPOINT WARNING * * *
The goblin hits you with a dagger.
* * * LOW HITPOINT WARNING * * *
Unknown command.
As you read the scroll of teleportation, it crumbles to dust.
You feel strangely unstable.
You constrict the goblin.
You kill the goblin!
Makhleb accepts your kill. The goblin hits you with a dagger.
You die...

#. #. g###.##############
### .......gggg@)%..... #.#
.......g########### #.#
#######.# #.#
≈≈≈#P8#.####### #..
...#..#..#....# #.#
...+/.#©......# #.#
...#..#.......# ######.#
≈≈≈#P8#.##....#######......#
#######.##....'(............


You could see Robin, 2 hobgoblins and 2 goblins.

Vanquished Creatures
  Crazy Yiuf (D:3)
  Ijyb (D:3)
  2 worker ants (D:4)
  5 adders
  4 oozes
  A worm (D:2)
  A dart slug (D:4)
  A leopard gecko (D:3)
  2 orcs (D:4)
  7 giant cockroaches
  19 goblins
  9 hobgoblins
  10 jackals
  A quokka (D:3)
  11 bats
  5 frilled lizards
  6 kobolds
  8 rats
  A plant (D:3)
95 creatures vanquished.

Vanquished Creatures (others)
  An adder (D:2)
  A kobold (D:2)
2 creatures vanquished.

Grand Total: 97 creatures vanquished

Notes
Turn   | Place    | Note
-------+----------+-------------------------------------------
     0 | D:1      | Monsterracer the Octopode Transmuter began the quest for the Orb.
     0 | D:1      | Reached XP level 1. HP: 13/13 MP: 3/3
    32 | D:1      | Reached XP level 2. HP: 17/18 MP: 5/5
    36 | D:1      | Learned a level 2 spell: Sticks to Snakes
    87 | D:1      | HP: 7/18 [kobold/short sword (5)]
   547 | D:1      | Reached XP level 3. HP: 23/23 MP: 4/6
   552 | D:1      | Learned a level 3 spell: Spider Form
  1041 | D:2      | Found a blossoming altar of Fedhas.
  1158 | D:2      | Reached XP level 4. HP: 21/28 MP: 7/7
  1394 | D:2      | Found a radiant altar of Vehumet.
  1455 | D:2      | HP: 14/28 [poisoned by an adder]
  1463 | D:2      | HP: 13/28 [poisoned by an adder]
  2306 | D:3      | Found an iron altar of Okawaru.
  2306 | D:3      | Found a burning altar of Makhleb.
  2316 | D:3      | Became a worshipper of Makhleb the Destroyer
  2347 | D:3      | Found a runed door.
  2424 | D:3      | Noticed Crazy Yiuf
  2429 | D:3      | Killed Crazy Yiuf
  2429 | D:3      | Reached XP level 5. HP: 17/33 MP: 4/8
  2429 | D:3      | HP: 15/33 [poisoned by Crazy Yiuf]
  2604 | D:3      | Noticed Ijyb
  2618 | D:3      | Killed Ijyb
  3023 | D:3      | Found a faded altar of an unknown god.
  3051 | D:3      | Found a shadowy altar of Dithmenos.
  3533 | D:4      | Found Gucwuhaa's Assorted Antiques.
  3731 | D:4      | Reached XP level 6. HP: 33/38 MP: 6/9
  3737 | D:4      | Learned a level 4 spell: Ice Form
  3942 | D:4      | Found a transporter.
  3960 | D:4      | Noticed Robin
  3980 | D:4      | Reached * piety under Makhleb
  3981 | D:4      | HP: 18/38 [Robin/goblin (3)]
  3985 | D:4      | HP: 8/38 [goblin/dagger[Robin] (5)]
  3986 | D:4      | HP: 2/38 [goblin/dagger[Robin] (5)]
  3988 | D:4      | Slain by a goblin

Skill      XL: |  1  2  3  4  5 |
---------------+----------------+-----
Transmutations | 3 4 |  4.5
Unarmed Combat | 4 |  4.6
Fighting       | |  1.4
Dodging        | |  2.5
Spellcasting   | |  2.3

Action                   |  1- 3 |  4- 6 || total
-------------------------+-------+-------++-------
Melee: Unarmed           |   103 |   169 ||   272
       Constrict         |    27 |    33 ||    60
       Kick              |     6 |       ||     6
       Tentacles         |    17 |    22 ||    39
       Punch             |     1 |     6 ||     7
 Cast: Beastly Appendage |     7 |       ||     7
       Spider Form       |     1 |     3 ||     4
  Use: Scroll            |       |     9 ||     9
       Potion            |       |     2 ||     2
 Stab: Sleeping          |     2 |     8 ||    10
  Eat: Chunk             |     1 |     9 ||    10
Armor: Skin              |    12 |     8 ||    20
Dodge: Dodged            |    73 |   100 ||   173

Vault maps used:
D:1:      kennysheep_arrival_forest, grunt_decor_resistance
D:2:      fiery_altar_vehumet, nicolae_overflow_crystal_walls
D:3:      wad_woods_pond, nicolae_overflow_hidden_temple,
          overflow_temple_1_default, gammafunk_temple_overflow_elements,
          chequers_ecumenical_altar_simple, uniq_crazy_yiuf_cottage, uniq_ijyb
D:4:      gammafunk_steamed_eel, serial_shops, nicolae_shop_crystal, uniq_robin
